 Dungeon Crawl Stone Soup version 0.32-a0-519-g08f29ac1c3 (webtiles) character file.

Game seed: 6904696627665386051

163 shadizar the Magician (level 5, 0/39 HPs)
             Began as a Djinni Conjurer on Feb 28, 2024.
             Slain by a gnoll bouda
             ... wielding a +0 whip
              (5 damage)
             ... on level 6 of the Dungeon.
             The game lasted 00:01:54 (2394 turns).

shadizar the Magician (Djinni Conjurer)             Turns: 2394, Time: 00:01:55

Health: 0/39       AC:  2    Str:  6    XL:     5   Next: 72%
Gold:   64         EV: 13    Int: 22    God:
                   SH:  0    Dex: 11

rFire   + + .        g - staff of earth
rCold   x . .        (no shield)
rNeg    . . .        a - +0 robe
rPois   ∞            (no helmet)
rElec   .            (no cloak)
rCorr   .            (no gloves)
SInv    +            (boots unavailable)
Will    .....        (no amulet)
Stlth   ++           c - ring of see invisible
HPRegen 0.26/turn    (no ring)
MPRegen 0.00/turn

%: infuse magic (-1 HP)
@: flying
A: sickness immunity, fire resistance 2, cold vulnerability 1, float, innate
caster, HP casting, extra vitality 1
a: no special abilities


You were on level 6 of the Dungeon.
You visited 1 branch of the dungeon, and saw 4 of its levels.

You collected 64 gold pieces.

Inventory:

Missiles
 l - 2 throwing nets
Armour
 a - a +0 robe (worn)
 d - a scarf of harm
Magical Staves
 g - a staff of earth (weapon)
Jewellery
 c - a ring of see invisible (left hand)
Scrolls
 b - 6 scrolls of identify {unknown}
 f - a scroll of poison {unknown}
 h - a scroll of teleportation {unknown}
 i - a scroll of noise {unknown}
 j - a scroll of butterflies {unknown}
Potions
 e - 3 potions of curing {unknown}
 k - a potion of heal wounds {unknown}


   Skills:
 + Level 2.6 Fighting
 + Level 3.8 Dodging
 - Level 1.5 Stealth
 + Level 4.2 Spellcasting
 + Level 4.2 Conjurations
 + Level 4.2 Hexes
 + Level 4.2 Summonings
 + Level 4.2 Necromancy
 + Level 4.2 Translocations
 + Level 4.2 Fire Magic
 + Level 4.2 Ice Magic
 + Level 4.2 Air Magic
 + Level 4.2 Earth Magic
 + Level 4.2 Alchemy


You knew the following spells:

 Your Spells              Type           Power      Damage    Failure   Level
a - Magic Dart            Conj           92%        1d7       1%          1
b - Searing Ray           Conj           46%        2d6       3%          2
c - Fulminant Prism       Conj/Alch      11%        3d8       19%         4
d - Iskenderun's Mystic   Conj/Tloc      23%        2d6       19%         4
e - Foxfire               Conj/Fire      92%        2x1d8     1%          1
f - Blink                 Tloc           46%        N/A       3%          2
Your spell library was empty.

Dungeon Overview and Level Annotations

Branches:
Dungeon (3/15)

Altars:


Innate Abilities, Weirdness & Mutations

You are immune to sickness and miasma.
You are immune to poison.
Your flesh is very heat resistant. (rF++)
You are vulnerable to cold. (rC-)
You float through the air rather than walking.
You learn spells naturally, not from books.
Your magical power is your life essence.
You have superior vitality. (+4 MHP)


Message History

You feel your attacks grow feeble.
Casting: Foxfire (safe; 1% risk of failure)
Confirm with . or Enter, or press ? or * to list all spells.
You conjure some foxfire!
The gnoll bouda barely misses you.
Unknown command.
The foxfire hits the gnoll bouda but does no damage.
The gnoll bouda is severely wounded.
The foxfire hits the gnoll bouda but does no damage.
The gnoll bouda is severely wounded.
The gnoll bouda utters an invocation to its god.
The gnoll bouda is healed somewhat.
Casting: Foxfire (safe; 1% risk of failure)
Confirm with . or Enter, or press ? or * to list all spells.
You conjure some foxfire!
Unknown command.
Your foxfire dissipates!
The foxfire hits the gnoll bouda!
The gnoll bouda is severely wounded.
The gnoll bouda attacks as it pursues you!
The gnoll bouda hits you with a +0 whip.
* * * LOW HITPOINT WARNING * * *
Casting: Foxfire (safe; 1% risk of failure)
Confirm with . or Enter, or press ? or * to list all spells.
You conjure some foxfire!
* * * LOW HITPOINT WARNING * * *
Your attacks no longer feel as feeble.
The gnoll bouda mumbles some strange prayers to its god.
The gnoll bouda is healed somewhat.
The foxfire hits the gnoll bouda but does no damage.
The gnoll bouda is heavily wounded.
The foxfire hits the gnoll bouda but does no damage.
The gnoll bouda is heavily wounded.
The gnoll bouda attacks as it pursues you!
The gnoll bouda closely misses you.
Casting: Foxfire (safe; 1% risk of failure)
Confirm with . or Enter, or press ? or * to list all spells.
You conjure some foxfire!
* * * LOW HITPOINT WARNING * * *
The gnoll bouda hits you with a +0 whip.
You die...

.. #.. #.. ##### #.. #...# #..
#### #...# #..
....####################...####..
.....).........g@................
....####.......vv#######...####..
.... #)#######.# #....##.## ##.#
#.# #.# #.......## .g #)##### #.#
#...####.. ..# #.....#
#.#######...####.> .. #.....#
#.##...........)## .. #.....#
#.##..........#.#
###.....###.##...........##


You could see a gnoll bouda (ally target).

Vanquished Creatures
  A bombardier beetle (D:2)
  Jessica (D:2)
  4 gnolls (D:6)
  2 adders (D:2)
  A dart slug (D:2)
  A ribbon worm (D:2)
  An orc (D:2)
  5 endoplasms
  3 giant cockroaches
  2 goblins (D:1)
  4 hobgoblins
  A kobold (D:2)
  3 quokkas
  6 ball pythons
  4 bats
  A frilled lizard (D:1)
  4 rats
44 creatures vanquished.

Vanquished Creatures (others)
  9 foxfires (D:6)
9 creatures vanquished.

Grand Total: 53 creatures vanquished

Notes
Turn   | Place    | Note
-------+----------+-------------------------------------------
     0 | D:1      | shadizar the Djinni Conjurer began the quest for the Orb.
     0 | D:1      | shadizar set off with the following spells memorised: Magic
                  | Dart, Searing Ray, Fulminant Prism, Iskenderun's Mystic
                  | Blast.
     0 | D:1      | Reached XP level 1. HP: 15/15 MP: 0/0
   135 | D:1      | Reached XP level 2. HP: 21/22 MP: 0/0
   516 | D:1      | Reached skill level 1 in Fighting
   550 | D:1      | Reached XP level 3. HP: 24/27 MP: 0/0
   550 | D:1      | Learned a level 1 spell: Foxfire
  1297 | D:2      | Reached XP level 4. HP: 26/33 MP: 0/0
  1667 | D:2      | Noticed Jessica
  1671 | D:2      | Killed Jessica
  1739 | D:2      | Reached XP level 5. HP: 37/38 MP: 0/0
  1739 | D:2      | Learned a level 2 spell: Blink
  2202 | D:3      | Found a faded altar of an unknown god.
  2235 | D:3      | You are sucked into a shaft and drop 3 floors!
  2394 | D:6      | Slain by a gnoll bouda

Illustrated notes

Levels and vault maps discovered:
D:1:      dpeg_arrival_signposts, layout_basic, minmay_distorted
D:2:      layout_loops_corners, minivault_27, hangedman_decor_peaks_small,
          uniq_jessica
D:3:      minmay_skewed_foursquare, layout_loops_ring,
          mainiacjoe_overflow_small_starburst, makhleb_altar_promises_db,
          ebering_ecumenical_altar_petrified, uniq_grinder
D:6:      layout_basic, st_stairs_7, minmay_guarded_unrand_staff_of_olgreb

Skill      XL: |  1  2  3  4 |
---------------+-------------+-----
Fighting       | 1 2 |  2.6
Dodging        | 3 |  3.8
Spellcasting   | 4 |  4.2
Conjurations   | 4 |  4.2
Hexes          | 4 |  4.2
Summonings     | 4 |  4.2
Necromancy     | 4 |  4.2
Translocations | 4 |  4.2
Fire Magic     | 4 |  4.2
Ice Magic      | 4 |  4.2
Air Magic      | 4 |  4.2
Earth Magic    | 4 |  4.2
Alchemy        | 4 |  4.2
Stealth        | |  1.5

Action                     |  1- 3 |  4- 6 || total
---------------------------+-------+-------++-------
   Cast: Magic Dart        |    55 |    54 ||   109
         Foxfire           |       |     8 ||     8
         Searing Ray       |       |     1 ||     1
 Armour: Robe              |     4 |     8 ||    12
  Dodge: Dodged            |     5 |     9 ||    14

Table legend: (Time is in decaauts)
 A = Elapsed time spent in this place.
 B = Non-inter-level travel time spent in this place.
 C = Inter-level travel time spent in this place.
 D = Time resting spent in this place.
 E = Time spent auto-exploring this place.
 F = Levels seen in this place.
 G = Mean time per level.
                   A        B        C        D        E       F      G
               +--------+--------+--------+--------+--------+-----+--------+
         Total |   2392 |   2324 |     68 |      0 |   2101 |   4 |  598.0 |
       Dungeon |   2392 |   2324 |     68 |      0 |   2101 |   4 |  598.0 |
               +--------+--------+--------+--------+--------+-----+--------+

Top non-repeatable levels by time:
     D:1: 1229 daAuts
     D:2: 963 daAuts
     D:6: 158 daAuts
     D:3: 40 daAuts
